 Dungeon Crawl Stone Soup version 0.25-a0-667-gb977e01cb5 (webtiles) character file.

Game seed: 16217159702398868911, levelgen mode: deterministic

513 DasRunzen the Skirmisher (level 7, -1/55 HPs)
             Began as a Demonspawn Fighter on Mar 27, 2020.
             Slain by an ufetubus (2 damage)
             ... summoned by a ynoxinul
             ... on level 1 of the Abyss.
             The game lasted 00:14:00 (3878 turns).

DasRunzen the Skirmisher (Demonspawn Fighter)       Turns: 3878, Time: 00:14:01

Health: -1/55      AC:  6    Str: 19      XL:     7   Next: 0%
Magic:  7/7        EV:  7    Int:  2 (7)  God:
Gold:   183        SH: 14    Dex: 10      Spells: 6/6 levels left

rFire    . . .     SeeInvis .   a - +1 trident
rCold    . . .     Gourm    .   c - +1 kite shield
rNeg     . . .     Faith    .   b - +0 scale mail
rPois    +         Spirit   .   o - +2 hat
rElec    .         Reflect  .   (no cloak)
rCorr    .         Harm     .   (no gloves)
MR       .....     Rnd*Tele +   (no boots)
Stlth    ..........             (no amulet)
HPRegen  0.00/turn              q - ring of poison resistance
MPRegen  0.10/turn              (no ring)

@: about to teleport, non-regenerating, diseased
A: hooves 2, large bone plates 1, clumsy 1, deformed body, demonic guardian 2,
dopey 1, [teleportitis 2]
a: no special abilities


You were on level 1 of the Abyss.
You were hungry.

You visited 1 branch of the dungeon, and saw 4 of its levels.
You visited the Abyss 1 time.
You also visited: Sewer.

You collected 183 gold pieces.

Inventory:

Hand Weapons
 a - a +1 trident (weapon)
Armour
 b - a +0 scale mail (worn)
 c - a +1 kite shield (worn)
 i - the cursed +0 ring mail of Taumm {rElec rF- Int+3 Dex+7, unknown}
   (You found it on level 4 of the Dungeon)

   It affects your intelligence (+3).
   It affects your dexterity (+7).
   It makes you vulnerable to fire.
   It insulates you from electricity.
   It has a curse placed upon it.
 o - a +2 hat (worn)
Jewellery
 q - a ring of poison resistance (left hand)
 s - an uncursed ring of fire
Wands
 p - a wand of disintegration (6)
Scrolls
 k - 2 scrolls of blinking
Potions
 d - a potion of might
 e - 3 potions of curing
 h - a potion of resistance
 j - a potion of invisibility
 l - a potion of haste
 m - 2 potions of stabbing {unknown}
 n - 2 potions of flight {unknown}
Comestibles
 f - 8 rations


   Skills:
 + Level 4.7 Fighting
 + Level 3.6 Polearms
 + Level 4.3 Armour
 + Level 4.3 Shields


You had 6 spell levels left.
You didn't know any spells.
Your spell library was empty.

Dungeon Overview and Level Annotations

Branches:
Dungeon (4/15)              Sewer (visited)
 Temple: D:4-7

Altars:
Fedhas


Innate Abilities, Weirdness & Mutations

You have hoof-like feet.
You are partially covered in large bone plates. (SH +4)
A demonic guardian rushes to your aid.
You are clumsy. (Dex -2)
Armour fits poorly on your strangely shaped body.
You are dopey. (Int -2)
[You are sometimes teleported next to monsters.]


Message History

The ynoxinul gestures.
You block the ufetubus's attack. The ufetubus barely misses you.
The ufetubus disappears in a puff of smoke!
You block the ufetubus's attack. x2
The starcursed mass shrieks in your mind.
* * * LOW HITPOINT WARNING * * *
The ufetubus hits you.
* * * LOW HITPOINT WARNING * * *
The ufetubus hits you but does no damage.
The ynoxinul gestures.
The ufetubus hits you but does no damage.
You block the ufetubus's attack.
The wretched star pulses with an eldritch light!
You feel weirdly uncertain.
You feel even more weirdly uncertain.
The ufetubus hits you but does no damage.
The ufetubus barely misses you.
You are feeling hungry.
The ufetubus disappears in a puff of smoke! x2
The ufetubus closely misses you. The ufetubus hits you.
You die...

......................
.............Xx.........
........................
.......5.55.............
.....##z.53..##§5....#
.....##x5..5x##......#
#......5....X.X... .....
#..[...5555sx5.... ... .
.......@5X*53.35\..... .
..........55──5..>......
..........Dw.5V./..... .
...............V........
.....##.....D##X ....##.
..... #......##..... ##.
.... ......... ........
.... .........?..... ..
....5X│.5 5......


You could see 2 bone dragons, a starcursed mass, a tentacled starspawn, a
wretched star, a demonic crawler, an ancient zyme, a thrashing horror, a large
abomination, a neqoxec, 2 ynoxinuls, 3 small abominations, a starspawn tentacle,
a flying skull, a crimson imp, 2 white imps and 15 ufetubi.

Vanquished Creatures
  A centaur (D:3)
  An iguana (D:2)
  Terence (D:2)
  A gnoll (D:1)
  3 adders
  A river rat (D:3)
  2 hound simulacra (D:3)
  A worker ant simulacrum (D:3)
  An ufetubus (Abyss:1)
  5 oozes
  4 worms (Sewer)
  3 dart slugs (D:1)
  2 adder simulacra (D:3)
  4 leopard geckos
  2 orcs
  6 ball pythons
  7 giant cockroaches
  5 goblins
  12 hobgoblins
  11 jackals
  13 bats
  A frilled lizard (Sewer)
  8 kobolds
  A leopard gecko simulacrum (D:3)
  A quokka simulacrum (D:3)
  12 rats
109 creatures vanquished.

Vanquished Creatures (collateral kills)
  A fire bat (Abyss:1)
  The ghost of Shavain the Skirmisher, an amateur NaBe of Trog (D:3)
  A small abomination (Abyss:1)
  An orc wizard (D:4)
  A white imp (D:3)
  2 orcs (D:4)
  A starspawn tentacle (Abyss:1)
8 creatures vanquished.

Vanquished Creatures (others)
  2 starspawn tentacles (Abyss:1)
2 creatures vanquished.

Grand Total: 119 creatures vanquished

Notes
Turn   | Place    | Note
-------+----------+-------------------------------------------
     0 | D:1      | DasRunzen the Demonspawn Fighter began the quest for the
                  | Orb.
     0 | D:1      | Reached XP level 1. HP: 18/18 MP: 1/1
    81 | D:1      | Gained mutation: You are partially covered in large bone
                  | plates. (SH +4) [demonic ancestry]
    81 | D:1      | Reached XP level 2. HP: 21/24 MP: 2/2
   277 | D:1      | Gained mutation: You have large cloven feet. [demonic
                  | ancestry]
   277 | D:1      | Reached XP level 3. HP: 29/29 MP: 3/3
   872 | D:2      | Reached XP level 4. HP: 35/35 MP: 4/4
   987 | D:2      | Noticed Terence
  1015 | D:2      | Killed Terence
  1367 | D:2      | Gained mutation: A weak demonic guardian rushes to your
                  | aid. [demonic ancestry]
  1367 | D:2      | Reached XP level 5. HP: 38/42 MP: 5/5
  1664 | D:3      | Found a glowing drain.
  1768 | Sewer    | Entered a sewer
  2477 | D:3      | Found a runed translucent gate.
  2477 | D:3      | Found a runed translucent gate.
  2478 | D:3      | Found a runed translucent gate.
  2945 | D:3      | Noticed a centaur
  2957 | D:3      | Killed a centaur
  2957 | D:3      | Gained mutation: A demonic guardian rushes to your aid.
                  | [demonic ancestry]
  2957 | D:3      | Reached XP level 6. HP: 20/48 MP: 6/6
  3259 | D:3      | Noticed Shavain's ghost (amateur NaBe)
  3348 | D:3      | Killed Shavain's ghost
  3431 | D:4      | Got a faintly humming ring mail
  3502 | D:4      | Found a blossoming altar of Fedhas.
  3599 | D:4      | Cast into level 1 of the Abyss (orc)
  3658 | Abyss:1  | Noticed a neqoxec
  3659 | Abyss:1  | Gained mutation: You are dopey. (Int -2) [a neqoxec]
  3660 | Abyss:1  | Noticed a ynoxinul
  3660 | Abyss:1  | Gained mutation: You are clumsy. (Dex -2) [a neqoxec]
  3661 | Abyss:1  | Noticed a smoke demon
  3662 | Abyss:1  | Noticed a fire bat
  3698 | Abyss:1  | Killed a fire bat
  3698 | Abyss:1  | Gained mutation: You have hoof-like feet. [demonic
                  | ancestry]
  3698 | Abyss:1  | Reached XP level 7. HP: 23/55 MP: 7/7
  3829 | Abyss:1  | Noticed a bone dragon
  3830 | Abyss:1  | Noticed a thrashing horror
  3839 | Abyss:1  | Noticed a wretched star
  3840 | Abyss:1  | Noticed a rakshasa
  3843 | Abyss:1  | Noticed an apocalypse crab
  3854 | Abyss:1  | Noticed a neqoxec
  3856 | Abyss:1  | Noticed a demonic crawler
  3856 | Abyss:1  | Gained mutation: Armour fits poorly on your strangely
                  | shaped body. [a neqoxec]
  3857 | Abyss:1  | Noticed a large abomination
  3857 | Abyss:1  | Noticed a ynoxinul
  3857 | Abyss:1  | Noticed a tentacled starspawn
  3857 | Abyss:1  | Noticed a large abomination
  3867 | Abyss:1  | Noticed a thrashing horror
  3868 | Abyss:1  | Noticed a ynoxinul
  3868 | Abyss:1  | Noticed a small abomination
  3869 | Abyss:1  | Noticed a starcursed mass
  3873 | Abyss:1  | Noticed a flying skull
  3873 | Abyss:1  | Noticed an ancient zyme
  3877 | Abyss:1  | HP: 2/55 [starcursed mass/accursed screaming (6)]
  3878 | Abyss:1  | Slain by an ufetubus

Levels and vault maps discovered:
D:1:      nicolae_arrival_washed_ashore, layout_loops_cross,
          chequers_serial_rivers_micro_e
D:2:      layout_basic, serial_bayou, serial_bayou_pond_e, serial_bayou_pond_e,
          serial_bayou_pond_e, serial_bayou_pond_c, st_stairs_7, minmay_between,
          uniq_terence
D:3:      layout_basic, gammafunk_ghost_icy, portal_sewer_entry_b
D:4:      layout_layer_cave, overflow_temple_1_default, grunt_dithmenos_shadows,
          fedhas_altar_2, nicolae_underground_beach
Abyss:1:  base: D:1, onia_ninara_dug_in_and_dangerous

Skill      XL: |  1  2  3  4  5  6 |
---------------+-------------------+-----
Polearms       | 2 3 |  3.6
Armour         | 3 4 |  4.3
Shields        | 3 4 |  4.3
Fighting       | 4 |  4.7

Action                   |  1- 3 |  4- 6 |  7- 9 || total
-------------------------+-------+-------+-------++-------
Melee: Trident           |   130 |   230 |       ||   360
       Kick              |     8 |    46 |       ||    54
  Use: Scroll            |     3 |    10 |     1 ||    14
  Eat: Chunk             |       |    10 |       ||    10
Armor: Scale mail        |    40 |    81 |    11 ||   132
Dodge: Dodged            |    22 |    49 |    11 ||    82
Block: Kite shield       |    87 |   186 |    26 ||   299

Table legend:
 A = Non-vault XP
 B = Vault XP
 C = Vault XP percentage of total XP
 D = Non-vault monster count
 E = Vault monster count
 F = Vault count percentage of total count
                 A         B        C        D         E       F
            +---------+---------+-------+---------+---------+-------
      Total |     480 |     253 |  34.5 |      74 |      42 |  36.2
            +---------+---------+-------+---------+---------+-------
        D:1 |      66 |       0 |   0.0 |      28 |       0 |   0.0
        D:2 |      92 |      43 |  31.9 |      17 |       4 |  19.0
        D:3 |     152 |     134 |  46.9 |      21 |      12 |  36.4
        D:4 |      37 |       0 |   0.0 |       5 |       0 |   0.0
    Abyss:1 |     133 |       0 |   0.0 |       3 |       0 |   0.0
      Sewer |       0 |      76 | 100.0 |       0 |      26 | 100.0
            +---------+---------+-------+---------+---------+-------
